 Dungeon Crawl Stone Soup version 0.30-a0-339-g89bb51ec76 (webtiles) character file.

Game seed: 4870710103075799361

485 ytrimaz the Trooper (level 7, -1/59 HPs)
             Began as a Formicid Fighter on Oct 31, 2022.
             Killed by divine providence
             ... invoked by an orc priest
              (14 damage)
             ... on level 5 of the Dungeon.
             The game lasted 00:03:29 (3758 turns).

ytrimaz the Trooper (Formicid Fighter)              Turns: 3758, Time: 00:03:30

Health: -1/59      AC:  7    Str: 23    XL:     7   Next: 35%
Magic:  7/7        EV:  9    Int:  7    God:
Gold:   134        SH:  5    Dex: 13    Spells: 6/6 levels left

rFire   + . .      SeeInvis +    a - +1 war axe
rCold   . . .      Faith    .    c - +0 buckler
rNeg    . . .      Spirit   .    b - +1 scale mail
rPois   .          Reflect  .    (helmet unavailable)
rElec   .          Harm     .    (no cloak)
rCorr   .          Rampage  .    (no gloves)
Will    .....                    (no boots)
Stlth   ..........               (no amulet)
HPRegen 0.29/turn                o - ring of protection from fire
MPRegen 0.10/turn                (no ring)

@: no status effects
A: permanent stasis, dig shafts and tunnels, antennae 3, four strong arms
a: Dig, Shaft Self


You were on level 5 of the Dungeon.
You visited 1 branch of the dungeon, and saw 5 of its levels.

You collected 134 gold pieces.


Innate Abilities, Weirdness & Mutations

You cannot be hasted, slowed, berserked, paralysed or teleported.
You can dig through walls and to a lower floor.
You have a pair of large antennae on your head. (SInv)
Your four strong arms can wield two-handed weapons with a shield.


   Skills:
 + Level 6.5 Fighting
 + Level 5.4 Axes
 - Level 3.2 Armour
 - Level 4.0 Shields


You had 6 spell levels left.
You didn't know any spells.
Your spell library contained the following spells:

 Spells                   Type           Power      Damage    Failure   Level
 Slow                     Hex            0%         N/A       82%         1
 Call Canine Familiar     Summ           0%         N/A       99%         3
 Confusing Touch          Hex            0%         N/A       99%         3
 Ozocubu's Armour         Ice            0%         N/A       99%         3
 Portal Projectile        Hex/Tloc       0%         N/A       99%         3
 Vampiric Draining        Necr           0%         2d6       99%         3
 Leda's Liquefaction      Hex/Erth       0%         N/A       100%        4
 Manifold Assault         Tloc           0%         N/A       100%        4
 Summon Forest            Summ/Tloc      0%         N/A       100%        5
 Eringya's Noxious Bog    Tmut/Pois      0%         N/A       100%        6
 Ozocubu's Refrigeration  Ice            0%         4d7       100%        7
 Storm Form               Tmut/Air       0%         N/A       100%        7
 Summon Hydra             Summ           0%         N/A       100%        7
 Blink                    Tloc           Unusable   N/A       N/A         2

Inventory:

Hand Weapons
 a - a +1 war axe (weapon)
Armour
 b - a +1 scale mail (worn)
 c - a +0 buckler (worn)
Jewellery
 o - a ring of protection from fire (left hand)
   (You found it on level 4 of the Dungeon)
Wands
 k - a wand of mindburst (33)
   (You found it on level 3 of the Dungeon)
 q - a wand of flame (19)
   (You found it on level 4 of the Dungeon)
 r - a wand of roots (14) (quivered)
   (You found it on level 4 of the Dungeon)
Scrolls
 e - 3 scrolls of enchant armour
 g - 2 scrolls of enchant weapon
Potions
 d - a potion of might
 f - a potion of cancellation {unknown}
 j - 3 potions of brilliance

Dungeon Overview and Level Annotations

Branches:
Dungeon (5/15) Zot: 26170
 Temple: D:4-7

Altars:
Ashenzari
Cheibriados
Elyvilon
Gozag
Qazlal
Uskayaw
Vehumet

Shops:
D:1 !

Annotations:
D:5 1 runed translucent door, Crazy Yiuf

# #.... .#.... .##
.#... ... .).##.# ...
#!.#... .
#..##.)##..##
..##.#.o)# ...#
.........# #..#
........@###..###
#..........##...#
...............##
.#.....)...#....##
.#........###....####
#..#....###
#.....#.### ....##.##
####......# .#......
#.#...##
####.#.#######
###.###


You could see an orc priest (rooted).


Message History

There are monsters nearby!
There are monsters nearby!
Aiming: Corrosive Bolt
Press: ? - help, Q - select action, (/) - cycle Shift-Dir - straight line, f - orc priest
Aim: an orc priest, wielding a +0 short sword (wandering, hasn't noticed you, 71% to hit)
The bolt of acid hits the orc priest!
The orc priest shouts!
Unknown command.
An orc priest comes into view. It is wielding a +0 club.
The orc priest shouts!
The orc priest mumbles some strange prayers to Beogh against you.
Beogh smites you! 😕 HP[-13]
You take 13 damage, and now have 46/59 hp.
MASSIVE DAMAGE!! (PAUSE)
Aiming: Corrosive Bolt
Press: ? - help, Q - select action, (/) - cycle Shift-Dir - straight line, f/p - orc priest
Aim: an orc priest, wielding a +0 short sword (severely wounded, 71% to hit)
The bolt of acid misses the orc priest.
The orc priest calls down the wrath of Beogh upon you.
Beogh smites you! 😮 HP[-12]
You take 12 damage, and now have 34/59 hp.
MASSIVE DAMAGE!! (PAUSE) 😮 HP[+1]
Aiming: Corrosive Bolt
Press: ? - help, Q - select action, (/) - cycle Shift-Dir - straight line, f/p - orc priest
Aim: an orc priest, wielding a +0 short sword (severely wounded, 71% to hit)
Out of range.
Okay, then.
Aiming: Corrosive Bolt
Press: ? - help, Q - select action, (/) - cycle Shift-Dir - straight line, f/p - orc priest
Aim: an orc priest, wielding a +0 short sword (severely wounded, 71% to hit)
The bolt of acid hits the orc!
The acid corrodes the orc!
You kill the orc!
The bolt of acid hits the orc priest!
The acid corrodes the orc priest!
You kill the orc priest!
Unknown command.
You hit the orc but do no damage. You block the orc's attack. 😮 HP[+1]
You slash the orc!
You kill the orc!
You barely miss the orc priest.
The orc priest hits you with a +0 club. 😮 HP[-2]
You take 2 damage, and now have 34/59 hp.
Unknown command.
You hit the orc but do no damage. You closely miss the orc priest.
The orc hits you with a +6 hand axe.
The orc priest miscasts a cantrip. 😮 HP[-4]
You take 4 damage, and now have 30/59 hp.
Unknown command.
You are too injured to fight recklessly!
You barely miss the orc priest. You completely miss the orc.
The orc hits you with a +6 hand axe.
The orc priest calls down the wrath of Beogh upon you.
Beogh smites you!
* * * LOW HITPOINT WARNING * * *
The orc hits you with a +6 hand axe.
* * * LOW HITPOINT WARNING * * *
The orc priest barely misses you. 😱 HP[-18]
You take 18 damage, and now have 12/59 hp.
MASSIVE DAMAGE!! (PAUSE)
Aiming: Corrosive Bolt
Press: ? - help, Q - select action, (/) - cycle Shift-Dir - straight line, f - orc
Aim: an orc, wielding a +6 hand axe (71% to hit)
The bolt of acid misses the orc.
The now-empty wand crumbles to dust.
The orc completely misses you.
The orc priest invokes the aid of Beogh against you.
You struggle to resist.
Unknown command.
Unknown command.
Aiming: Fastroot
Press: ? - help, Q - select action, (/) - cycle Shift-Dir - straight line, p - orc The roots erupt in riotous growth!
Roots grab the orc priest.
Roots grab the orc.
The grasping roots constrict the orc priest.
The grasping roots constrict the orc!
You kill the orc!
You hear an angry hiss.
You hear a shout! x2
The orc priest hits you but does no damage.
Unknown command.
Unknown command.
The grasping roots constrict the orc priest.
The roots release their grip on the orc priest.
The orc priest invokes the aid of Beogh against you.
You struggle to resist. 😱 HP[+1]
Aiming: Fastroot
Press: ? - help, Q - select action, (/) - cycle Shift-Dir - straight line, f - orc priest
Aim: an orc priest, wielding a +0 club (severely wounded)
The roots erupt in riotous growth!
Roots grab the orc priest.
The grasping roots constrict the orc priest.
You hear an angry hiss.
The orc priest invokes the aid of Beogh against you.
Beogh smites you!
You die...

Skill      XL: |  1  2  3  4  5  6 |
---------------+-------------------+-----
Fighting       | 4 5 6 |  6.5
Axes           | 3 4 5 |  5.4
Armour         | |  3.2
Shields        | |  4.0

Action                   |  1- 3 |  4- 6 |  7- 9 || total
-------------------------+-------+-------+-------++-------
Melee: War axe           |    70 |   122 |    11 ||   203
Evoke: Wand              |       |       |     6 ||     6
  Use: Scroll            |     4 |     5 |       ||     9
       Potion            |     1 |     3 |       ||     4
 Stab: Invisible         |       |     1 |       ||     1
Armor: Scale mail        |    53 |    39 |     3 ||    95
Dodge: Dodged            |    51 |    63 |     4 ||   118
Block: Buckler           |    21 |    29 |     4 ||    54

Levels and vault maps discovered:
D:1:      ldierk_walled_garden, layout_basic, serial_shops,
          nicolae_shop_advertising_works [nicolae_subvault_shop_adworks],
          minivault_14
D:2:      layout_basic, hellmonk_ecumenical_altar_arch_garden, uniq_jessica
D:3:      layout_loops_corners, nicolae_overflow_hallway_of_the_gods,
          kennysheep_generic_room_8
D:4:      layout_basic
D:5:      layout_cave_pools, general_overflow_altar,
          mainiacjoe_overflow_boulevard, uniq_crazy_yiuf_cottage

Notes
Turn   | Place    | Note
-------+----------+-------------------------------------------
     0 | D:1      | ytrimaz the Formicid Fighter began the quest for the Orb.
     0 | D:1      | Reached XP level 1. HP: 18/18 MP: 1/1
     0 | D:1      | magus.rc [v1.9.6]
    26 | D:1      | Found Intirhai's Distillery.
    37 | D:1      | Reached XP level 2. HP: 22/24 MP: 2/2
   200 | D:1      | You add the spells Manifold Assault and Storm Form to your
                  | library.
   311 | D:1      | Reached XP level 3. HP: 30/30 MP: 3/3
   725 | D:1      | Reached skill level 4 in Fighting
   843 | D:2      | Reached skill level 3 in Axes
   843 | D:2      | Found a faded altar of an unknown god.
   920 | D:2      | Noticed a phantom
   934 | D:2      | Killed a phantom
   935 | D:2      | Reached XP level 4. HP: 11/38 MP: 4/4
   935 | D:2      | Reached XP level 5. HP: 12/43 MP: 5/5
  1115 | D:2      | Noticed Jessica
  1122 | D:2      | Killed Jessica
  1123 | D:2      | Reached skill level 5 in Fighting
  1123 | D:2      | Reached skill level 4 in Axes
  1594 | D:3      | Found a broken altar of Ashenzari.
  1599 | D:3      | Found a stormy altar of Qazlal.
  1639 | D:3      | Found a hide-covered altar of Uskayaw.
  1643 | D:3      | Found a radiant altar of Vehumet.
  1643 | D:3      | Found a white marble altar of Elyvilon.
  1646 | D:3      | Found a snail-covered altar of Cheibriados.
  1651 | D:3      | Found an opulent altar of Gozag.
  1719 | D:3      | You add the spells Ozocubu's Armour and Ozocubu's
                  | Refrigeration to your library.
  1940 | D:3      | You fall into a shaft and drop 1 floor!
  1968 | D:4      | Reached XP level 6. HP: 50/51 MP: 6/6
  2067 | D:4      | You pick up a book of the Hunter and begin reading...
  2067 | D:4      | You add the spells Call Canine Familiar, Portal Projectile
                  | and Leda's Liquefaction to your library.
  2177 | D:3      | You pick up a book of Debilitation and begin reading...
  2177 | D:3      | You add the spells Slow, Vampiric Draining and Confusing
                  | Touch to your library.
  2825 | D:4      | HP: 13/52 [poisoned by an orc wizard]
  2828 | D:4      | HP: 4/52 [orc priest/nerve-wracking pain (9)]
  2830 | D:4      | HP: 1/52 [orc priest/+0 hand axe (2)]
  3102 | D:4      | Reached skill level 6 in Fighting
  3102 | D:4      | Reached skill level 5 in Axes
  3482 | D:4      | Reached XP level 7. HP: 51/56 MP: 7/7
  3503 | D:4      | You add the spells Summon Forest, Eringya's Noxious Bog and
                  | Summon Hydra to your library.
  3656 | D:5      | Entered Level 5 of the Dungeon
  3674 | D:5      | Found a runed translucent door.
  3675 | D:5      | Noticed Crazy Yiuf
  3754 | D:5      | HP: 12/59 [orc/+6 hand axe (6)]
  3758 | D:5      | Killed from afar by an orc priest

Vanquished Creatures
  A phantom (D:2)
  A necrophage (D:4)
  A scorpion (D:4)
  A hound (D:4)
  2 orc priests
  Jessica (D:2)
  An iguana (D:4)
  An orc wizard (D:4)
  3 adders
  3 dart slugs
  10 orcs
  6 bats
  12 endoplasms
  2 giant cockroaches
  4 goblins
  4 hobgoblins
  3 jackals (D:1)
  3 quokkas
  8 ball pythons
  4 frilled lizards
  6 kobolds
  2 rats (D:2)
79 creatures vanquished.

Vanquished Creatures (others)
  5 toadstools (D:1)
5 creatures vanquished.

Grand Total: 84 creatures vanquished

Table legend:
 A = Non-vault XP
 B = Vault XP
 C = Vault XP percentage of total XP
 D = Non-vault monster count
 E = Vault monster count
 F = Vault count percentage of total count
                 A         B        C        D         E       F
            +---------+---------+-------+---------+---------+-------
      Total |     642 |      51 |   7.4 |      77 |       2 |   2.5
            +---------+---------+-------+---------+---------+-------
        D:1 |      39 |       0 |   0.0 |      19 |       0 |   0.0
        D:2 |     164 |      37 |  18.4 |      22 |       1 |   4.3
        D:3 |      20 |      14 |  41.2 |      12 |       1 |   7.7
        D:4 |     369 |       0 |   0.0 |      20 |       0 |   0.0
        D:5 |      50 |       0 |   0.0 |       4 |       0 |   0.0
            +---------+---------+-------+---------+---------+-------

Illustrated notes

Table legend:
 A = Kills in this place as a percentage of kills in entire the game.
 B = Kills by you in this place as a percentage of kills by you in the entire game.
 C = Kills by friends in this place as a percentage of kills by friends in the entire game.
 D = Other kills in this place as a percentage of other kills in the entire game.
 E = Experience gained in this place as a percentage of experience gained in the entire game.
 F = Experience gained in this place divided by the number of levels of this place that you have seen.
                   A       B       C       D       E      F
               +-------+-------+-------+-------+-------+----------------------
         Total | 100.0 | 100.0 |   N/A |   N/A | 100.0 | 138.6
       Dungeon | 100.0 | 100.0 |   N/A |   N/A | 100.0 | 138.6
               +-------+-------+-------+-------+-------+----------------------

Table legend: (Time is in decaauts)
 A = Elapsed time spent in this place.
 B = Non-inter-level travel time spent in this place.
 C = Inter-level travel time spent in this place.
 D = Time resting spent in this place.
 E = Time spent auto-exploring this place.
 F = Levels seen in this place.
 G = Mean time per level.
                   A        B        C        D        E       F      G
               +--------+--------+--------+--------+--------+-----+--------+
         Total |   3829 |   3746 |     83 |     47 |   3064 |   5 |  765.8 |
       Dungeon |   3829 |   3746 |     83 |     47 |   3064 |   5 |  765.8 |
               +--------+--------+--------+--------+--------+-----+--------+

Top non-repeatable levels by time:
     D:4: 1178 daAuts
     D:3: 1045 daAuts
     D:1: 852 daAuts
     D:2: 649 daAuts
     D:5: 102 daAuts
